 Dungeon Crawl Stone Soup version 0.27.1 (webtiles) character file.

Game seed: 1898698055718910642

19 nxtlvl the Charlatan (level 2, -1/16 HPs)
             Began as a Deep Elf Artificer on Aug 31, 2021.
             Killed from afar by a dart slug (2 damage)
             ... with a slug dart
             ... on level 1 of the Dungeon.
             The game lasted 00:04:37 (434 turns).

nxtlvl the Charlatan (Deep Elf Artificer)            Turns: 434, Time: 00:04:39

Health: -1/16      AC:  4    Str:  9    XL:     2   Next: 55%
Magic:  4/4        EV: 12    Int: 15    God:
Gold:   29         SH:  0    Dex: 15    Spells: 0/1 levels left

rFire    . . .     SeeInvis .   a - +2 whip (venom)
rCold    . . .     Faith    .   (no shield)
rNeg     . . .     Spirit   .   f - +0 leather armour
rPois    .         Reflect  .   (no helmet)
rElec    .         Harm     .   g - +0 cloak
rCorr    .         Rampage  .   (no gloves)
Will     .....                  (no boots)
Stlth    ++........             (no amulet)
HPRegen  0.05/turn              (no ring)
MPRegen  0.09/turn              (no ring)

@: no status effects
A: no striking features
a: no special abilities


You were on level 1 of the Dungeon.
You visited 1 branch of the dungeon, and saw 2 of its levels.

You collected 29 gold pieces.

Inventory:

Hand Weapons
 a - a +2 whip of venom (weapon)
 b - a +0 short sword
 i - a +0 club
Missiles
 j - 14 poisoned darts (quivered)
Armour
 f - a +0 leather armour (worn)
 g - a +0 cloak (worn)
Wands
 c - a wand of flame (14)
 d - a wand of charming (15)
Scrolls
 k - a scroll of fear {unknown}
Potions
 h - a potion of lignification {unknown}
Miscellaneous
 e - a piece from Xom's chessboard (15/15)


   Skills:
 - Level 0.7 Fighting
 - Level 0.7 Armour
 - Level 2.4 Dodging
 - Level 1.2 Stealth
 * Level 0.0 Ice Magic
 - Level 4.3 Evocations


You couldn't memorise any spells.
You knew the following spells:

 Your Spells              Type           Power      Damage    Failure   Level
z - Freeze                Ice            0%         1d3       36%         1

Your spell library contained the following spells:

 Spells                   Type           Power      Damage    Failure   Level
 Slow                     Hex            0%         N/A       50%         2
 Confusing Touch          Hex            0%         N/A       73%         3
 Frozen Ramparts          Ice            0%         1d2       73%         3
 Hailstorm                Conj/Ice       0%         3d3       98%         4
 Yara's Violent Unravell  Hex/Tmut       0%         3d3       100%        5


Dungeon Overview and Level Annotations

Branches:
Dungeon (2/15)

Altars:


Message History

Press: ? - help, Q - select action, (/) - cycle Shift-Dir - straight line, f - hobgoblin
Aim: a hobgoblin (57% to hit)
You throw a poisoned dart. The poisoned dart hits the hobgoblin.
The hobgoblin is poisoned.
Throw: 13 darts (poison)
Press: ? - help, Q - select action, (/) - cycle Shift-Dir - straight line, f/p - hobgoblin
Aim: a hobgoblin (poisoned, 57% to hit)
You throw a poisoned dart.
The poisoned dart closely misses the hobgoblin.
You closely miss the hobgoblin.
The hobgoblin is almost dead.
The hobgoblin closely misses you.
You kill the hobgoblin!
j - 13 poisoned darts (gained 1)
j - 14 poisoned darts (gained 1)
Found a scroll labelled WERHAF NOYL and a book of Frost.
k - a scroll labelled WERHAF NOYL You pick up a book of Frost and begin reading...
You add the spells Freeze, Frozen Ramparts and Hailstorm to your library.
Okay, then.
Memorise Freeze, consuming 1 spell level and leaving 0?
You start memorising the spell.
You continue memorising.
You finish memorising.
Spell assigned to 'a'.
Adjust (i)tems, (s)pells, or (a)bilities?
Adjust which spell? a - Freeze Adjust to which letter? z - Freeze An endoplasm comes into view.
A dart slug comes into view.
A rat comes into view.
A dart slug comes into view.
The rat bites you but does no damage. The dart slug launches a dart at you.
The slug dart hits you.
* * * LOW HITPOINT WARNING * * *
The rat misses you. The dart slug launches a dart at you.
The slug dart hits you.
You die...

#.########. .# #.#
..... #.# #.#.#
#.####.#.# #........#
######.#.############
#................w...
#.###########..#####
#.# ......w@r.# #.#
########.## #.# #.#
#.# #.# #.# #.# #.#
#.# #.# #.# #.# .#
#.#########


You could see 2 dart slugs and a rat.

Vanquished Creatures
  A dart slug (D:1)
  A bat (D:1)
  4 endoplasms (D:1)
  A goblin (D:1)
  A hobgoblin (D:1)
  2 ball pythons (D:1)
  A frilled lizard (D:1)
  A kobold (D:1)
  6 rats
18 creatures vanquished.

Notes
Turn   | Place    | Note
-------+----------+-------------------------------------------
     0 | D:1      | nxtlvl the Deep Elf Artificer began the quest for the Orb.
     0 | D:1      | Reached XP level 1. HP: 11/11 MP: 3/3
   135 | D:1      | Reached skill level 4 in Evocations
   135 | D:1      | Reached XP level 2. HP: 6/16 MP: 4/4
   405 | D:1      | Learned a level 1 spell: Freeze
   434 | D:1      | Killed from afar by a dart slug

Illustrated notes

Levels and vault maps discovered:
D:1:      lemuel_arrival_lava_pool, layout_basic, amcnicky_mini_corridor_feature
D:2:      layout_rooms, uniq_crazy_yiuf_cottage, uniq_sigmund, uniq_natasha,
          uniq_jessica

Skill      XL: |  1 |
---------------+----+-----
Evocations     | 4 |  4.3
Fighting       | |  0.7
Armour         | |  0.7
Dodging        | |  2.4
Stealth        | |  1.2

Action                   || total
-------------------------++-------
Melee: Short sword       ||    36
       Whip              ||    18
Throw: Dart              ||     2
Evoke: Wand              ||     1
 Stab: Sleeping          ||     2
Armor: Leather armour    ||    18
Dodge: Dodged            ||    24
